 Dungeon Crawl Stone Soup version 0.21-a0-507-ga8f6b7a (webtiles) character file.

97 Megalobster the Sneak (level 4, -2/21 HPs)
             Began as a Spriggan Enchanter on Nov 28, 2017.
             Killed from afar by an orc wizard (6 damage)
             ... with a magic dart
             ... on level 3 of the Dungeon.
             The game lasted 00:08:24 (3268 turns).

Megalobster the Sneak (Spriggan Enchanter)          Turns: 3268, Time: 00:08:24

Health: -2/21      AC:  2    Str:  5    XL:     4   Next: 42%
Magic:  1/9        EV: 19    Int: 16    God:
Gold:   130        SH:  2    Dex: 16    Spells: 0/9 levels left

rFire    . . .     SeeInvis +   a - +1 dagger
rCold    . . .     Gourm    .   (shield restricted)
rNeg     . . .     Faith    .   b - +0 robe
rPois    .         Spirit   .   (helmet restricted)
rElec    .         Reflect  +   (no cloak)
rCorr    .         Harm     .   (gloves unavailable)
MR       .....                  (boots unavailable)
Stlth    +++.......             o - +2 amulet of reflection
HPRegen  0.07/turn              (no ring)
MPRegen  0.11/turn              (no ring)

@: very quick
A: very small, unfitting armour, see invisible, herbivore 3, speed 3, slow
metabolism 2
a: no special abilities


You were on level 3 of the Dungeon.
You were hungry.

You visited 1 branch of the dungeon, and saw 3 of its levels.

You collected 130 gold pieces.

Inventory:

Hand Weapons
 a - a +1 dagger (weapon)
Armour
 b - a +0 robe (worn)
Jewellery
 o - a +2 amulet of reflection (around neck)
Scrolls
 g - 5 scrolls of identify {unknown}
 k - 2 scrolls of enchant weapon {unknown}
 l - 2 scrolls of remove curse {unknown}
 q - a scroll of magic mapping {unknown}
Potions
 e - 4 potions of curing {unknown}
 f - a potion of ambrosia {unknown}
 h - a potion of brilliance {unknown}
 i - 3 potions of flight {unknown}
 m - 2 potions of might {unknown}
 n - a potion of agility {unknown}
 p - a potion of cancellation {unknown}
 s - a potion of degeneration {unknown}
Books
 c - a book of Maledictions

   Spells                             Type                      Level
   a - Corona                         Hexes                        1
   b - Ensorcelled Hibernation        Hexes/Ice                    2
   c - Confuse                        Hexes                        3
   d - Tukima's Dance                 Hexes                        3
   e - Dazzling Spray                 Conjuration/Hexes            3
Comestibles
 d - 4 bread rations
 j - 3 fruits
 r - a royal jelly


   Skills:
 + Level 2.0 Short Blades
 + Level 3.8 Dodging
 * Level 5.6 Stealth
 + Level 3.3 Spellcasting
 * Level 4.5 Hexes


You couldn't memorise any spells.
You knew the following spells:

 Your Spells              Type           Power        Failure   Level  Hunger
a - Corona                Hex            ###....      2%          1    None
b - Ensorcelled Hibernat  Hex/Ice        #.....       11%         2    ##.....
c - Confuse               Hex            ###.....     9%          3    ###....
d - Tukima's Dance        Hex            ###.....     9%          3    ###....


Dungeon Overview and Level Annotations

Branches:
Dungeon (3/15)

Altars:
Gozag
Xom


Innate Abilities, Weirdness & Mutations

You are very small and have problems with some larger weapons.
You are too small for most types of armour.
You have supernaturally acute eyesight. (SInv)
You are a herbivore.
You cover ground extremely quickly.
You need consume almost no food.


Message History

The orc wizard points at you and mumbles some strange words.
You easily resist.
Unknown command.
You hit the orc wizard.
The orc wizard is moderately wounded.
The orc misses you.
Your mace barely misses the orc.
Your dagger hits the orc wizard.
A rat comes into view.
You closely miss the orc wizard.
The orc wizard is moderately wounded.
The orc wizard hits your dagger with a dagger.
Your dagger falls from the air.
The orc wizard casts a spell at you. The puff of flame hits you!
* * * LOW HITPOINT WARNING * * *
The orc completely misses you. The orc wizard barely misses your mace.
The orc wizard points at you and mumbles some strange words.
The magic dart hits you!
You die...

#.# #..# #.. #.#
########.)####### #.#
#.............# ..#
#.##.#####.##.# ###
#....# #.##.# #.##.#
#.##.# #.##.# #.##.#
########.##.#####.##.#
##...)o.@..........##.###
#.#.o(o.)....##.#####....
....#####..r...........##
#. .#.#.##
#.##......####.#
#.#.##[##.###.##.##.#.#
#.# .............##.# .#
# #.# #.##.##.######.# .
#.# #.#>#.## .# # #.#
#...## .# #.#


You could see 2 orc wizards, an orc, a rat and a friendly mace.

Vanquished Creatures
  4 adders
  An ooze (D:1)
  3 worms (D:2)
  A dart slug (D:1)
  An orc (D:3)
  6 bats
  3 giant cockroaches
  6 goblins
  5 hobgoblins
  3 jackals
  A frilled lizard (D:1)
  8 kobolds
  5 rats
47 creatures vanquished.

Vanquished Creatures (others)
  A dancing weapon (D:3)
1 creature vanquished.

Grand Total: 48 creatures vanquished

Notes
Turn   | Place    | Note
-------+----------+-------------------------------------------
     0 | D:1      | Megalobster the Spriggan Enchanter began the quest for the Orb.
     0 | D:1      | Reached XP level 1. HP: 9/9 MP: 5/5
   308 | D:1      | Reached XP level 2. HP: 3/13 MP: 6/6
   574 | D:1      | Learned a level 2 spell: Ensorcelled Hibernation
  1001 | D:1      | Reached skill level 5 in Stealth
  1299 | D:1      | Reached XP level 3. HP: 16/16 MP: 8/8
  1304 | D:1      | Learned a level 3 spell: Confuse
  2198 | D:2      | Found a burning altar of Makhleb.
  2200 | D:2      | Found an ornate altar of the Wu Jian Council.
  2200 | D:2      | Found a sacrificial altar of Ru.
  2202 | D:2      | Found a sacrificial altar of Ru.
  2202 | D:2      | Found a shimmering altar of Xom.
  2202 | D:2      | Found a shimmering altar of Xom.
  2572 | D:2      | Reached XP level 4. HP: 18/21 MP: 4/9
  2577 | D:2      | Learned a level 3 spell: Tukima's Dance
  3065 | D:3      | Found an opulent altar of Gozag.
  3268 | D:3      | Killed from afar by an orc wizard

Vault maps used:
D:1:      dpeg_arrival_tiny_g, minmay_ruptured
D:2:      minmay_misc_feat_rows, doesnt_xom_only_xom
D:3:      grunt_gozag_breadcrumbs, first_bread, guppyfry_early_lair_pool

Skill      XL: |  1  2  3  4 |
---------------+-------------+-----
Hexes          | 4 |  4.5
Stealth        | 5 |  5.6
Spellcasting   | 3 |  3.3
Short Blades   | 2 |  2.0
Dodging        | |  3.8

Action                   |  1- 3 |  4- 6 || total
-------------------------+-------+-------++-------
Melee: Dagger            |   152 |    19 ||   171
 Cast: Corona            |     1 |       ||     1
       Ensorcelled Hiber |    17 |     5 ||    22
       Confuse           |     1 |       ||     1
       Tukima's Dance    |       |     2 ||     2
 Stab: Sleeping          |    16 |    10 ||    26
       Confused          |     1 |       ||     1
  Eat: Fruit             |       |     1 ||     1
Armor: Robe              |    10 |     2 ||    12
Dodge: Dodged            |   109 |    11 ||   120
Block: Other             |       |     1 ||     1

Table legend:
 A = Spawn XP
 B = Non-spawn XP
 C = Spawn XP percentage of total XP
 D = Spawn monster count
 E = Non-spawn monster count
 F = Spawn count percentage of total count
 G = Total turns spent on level
                    A         B        C        D         E        F      G
               +---------+---------+-------+---------+---------+-------+---------
         Total |       0 |     139 |   0.0 |       0 |      47 |   0.0 |  3268
               +---------+---------+-------+---------+---------+-------+---------
           D:1 |       0 |      42 |   0.0 |       0 |      21 |   0.0 |  1602
           D:2 |       0 |      78 |   0.0 |       0 |      21 |   0.0 |  1397
           D:3 |       0 |      19 |   0.0 |       0 |       5 |   0.0 |   269
               +---------+---------+-------+---------+---------+-------+---------
